 Dungeon Crawl Stone Soup version 0.30.0 (webtiles) character file.

Game seed: 9002473996351166199

9 Dani the Trooper (level 2, 24/24 HPs)
             Began as a Demonspawn Fighter on May 20, 2023.
             Quit the game on level 1 of the Dungeon.
             The game lasted 00:00:34 (235 turns).

Dani the Trooper (Demonspawn Fighter)                Turns: 235, Time: 00:00:35

Health: 24/24      AC:  9    Str: 16    XL:     2   Next: 3%
Magic:  2/2        EV:  8    Int:  9    God:
Gold:   16         SH:  4    Dex: 12    Spells: 1/1 levels left

rFire   . . .        a - +0 war axe
rCold   . . .        c - +0 buckler
rNeg    . . .        b - +0 scale mail
rPois   .            (no helmet)
rElec   .            e - +0 cloak
rCorr   .            (no gloves)
SInv    .            (no boots)
Will    .....        (no amulet) Stlth
                     (no ring)
HPRegen 0.24/turn    (no ring)
MPRegen 0.08/turn

%: no passive effects
@: no status effects
A: yellow scales 1
a: no special abilities


You were on level 1 of the Dungeon.
You visited 1 branch of the dungeon, and saw 1 of its levels.

You collected 16 gold pieces.

Inventory:

Hand Weapons
 a - a +0 war axe (weapon)
Armour
 b - a +0 scale mail (worn)
 c - a +0 buckler (worn)
 e - a +0 cloak (worn)
   (You found it on level 1 of the Dungeon)
Potions
 d - a potion of might


   Skills:
 - Level 3.0 Fighting
 + Level 2.5 Axes
 - Level 2.6 Armour
 - Level 2.6 Shields


You had one spell level left.
You didn't know any spells.
Your spell library contained the following spells:

 Spells                   Type           Power      Damage    Failure   Level
 Volatile Blastmotes      Fire/Tloc      0%         2d10      99%         3
 Fulminant Prism          Conj/Hex       0%         3d5       100%        4
 Iskenderun's Mystic Bla  Conj/Tloc      0%         2d3       100%        4
 Lee's Rapid Deconstruct  Erth           0%         3d4*      100%        5


Dungeon Overview and Level Annotations

Branches:
Dungeon (1/15)

Altars:

Annotations:
D:1 1 transporter


Innate Abilities, Weirdness & Mutations

You are partially covered in yellow scales. (AC +2)


Message History

No target in view!
You now have 11 gold pieces.
Key pressed, stopping explore.
No target in view!
You now have 16 gold pieces (gained 5).
Key pressed, stopping explore.
No target in view!
Unknown command.
A ball python comes into view.
The ball python hisses angrily.
You see here a +0 cloak.
e - a +0 cloak You start putting on your armour.
You continue putting on your +0 cloak.
You block the ball python's attack.
Keep equipping yourself?
The ball python grabs you. The ball python constricts you.
You continue putting on your +0 cloak.
The ball python bites you. The ball python constricts you.
You continue putting on your +0 cloak.
The ball python bites you. The ball python constricts you.
You continue putting on your +0 cloak.
You block the ball python's attack. The ball python constricts you.
You finish putting on your +0 cloak.
You slash the ball python!
You kill the ball python!
Key pressed, stopping explore.
No target in view!
No target in view!
A bat comes into view.
A kobold comes into view. It is wielding a +0 dagger.
The kobold shouts!
You block the bat's attack.
Unknown command.
There are monsters nearby!
You barely miss the bat. The bat misses you.
The bat hits you but does no damage.
There are monsters nearby!
You miss the bat. The bat hits you but does no damage.
There are monsters nearby!
The bat hits you but does no damage.
There are monsters nearby!
You hit the kobold.
You kill the kobold!
The bat hits you but does no damage. The bat barely misses you.
A kobold comes into view. It is wielding a +0 whip.
The kobold shouts!
You slash the bat!
You kill the bat!
A kobold is nearby!
You see here a +0 dagger.
A kobold is nearby!
A kobold is nearby!
You closely miss the kobold. The kobold hits you with a +0 whip.
A kobold is nearby!
You closely miss the kobold. You block the kobold's attack. x2
A kobold is nearby!
You slash the kobold!
You kill the kobold!
Key pressed, stopping explore.
No target in view!
No target in view!
You see here a +0 dagger.
Key pressed, stopping explore.
No target in view!
A hobgoblin comes into view.
The hobgoblin shouts!
A hobgoblin is nearby!
A hobgoblin is nearby!
A hobgoblin is nearby!
You barely miss the hobgoblin. The hobgoblin closely misses you.
The hobgoblin hits you.
A hobgoblin is nearby!
You barely miss the hobgoblin. The hobgoblin closely misses you.
You hit the hobgoblin but do no damage. The hobgoblin barely misses you.
A hobgoblin is nearby!
You hit the hobgoblin.
The hobgoblin is almost dead.
The hobgoblin barely misses you.
The hobgoblin hits you but does no damage.
A hobgoblin is nearby!
You closely miss the hobgoblin.
The hobgoblin is almost dead.
You block the hobgoblin's attack.
A hobgoblin is nearby!
You barely miss the hobgoblin.
The hobgoblin is almost dead.
The hobgoblin hits you but does no damage.
A hobgoblin is nearby!
You hit the hobgoblin but do no damage.
The hobgoblin is almost dead.
You block the hobgoblin's attack.
The hobgoblin hits you but does no damage.
A hobgoblin is nearby!
You hit the hobgoblin.
You kill the hobgoblin!
You have reached level 2!
Your demonic ancestry asserts itself...
Yellow scales grow over part of your body.
Are you sure you want to abandon this character and quit the game? (Confirm with "yes".)

#............ #............
#............ #............
# #............ ..##
#..........†. ....
#............ #..####
#............ #..@.#
#####....####
+.....##.#######...># #
...########..##...'....####
......).).......###....#.(.
........†.....#...#....#.##
##............#.#.#....# #.
#............#.#..##### #.
#............#.##.....#.##
#............#.######.....


There were no monsters in sight!

Vanquished Creatures
  An endoplasm (D:1)
  2 hobgoblins (D:1)
  2 kobolds (D:1)
  2 ball pythons (D:1)
  A bat (D:1)
  A rat (D:1)
9 creatures vanquished.

Notes
Turn   | Place    | Note
-------+----------+-------------------------------------------
     0 | D:1      | Dani the Demonspawn Fighter began the quest for the Orb.
     0 | D:1      | Reached XP level 1. HP: 18/18 MP: 1/1
    75 | D:1      | Reached skill level 2 in Axes
   235 | D:1      | Gained mutation: You are partially covered in yellow
                  | scales. (AC +2) [demonic ancestry]
   235 | D:1      | Reached XP level 2. HP: 24/24 MP: 2/2
   235 | D:1      | Quit the game

Illustrated notes

Levels and vault maps discovered:
D:1:      spicycebolla_arrival_risky_transporter, layout_basic

Skill      XL: |  1 |
---------------+----+-----
Axes           | 2 |  2.5
Fighting       | |  3.0
Armour         | |  2.6
Shields        | |  2.6

Action                     || total
---------------------------++-------
  Melee: War axe           ||    24
 Armour: Scale mail        ||     9
  Dodge: Dodged            ||     9
  Block: Buckler           ||     8

Levels and vault maps discovered:
D:1:      spicycebolla_arrival_risky_transporter, layout_basic

Table legend: (Time is in decaauts)
 A = Elapsed time spent in this place.
 B = Non-inter-level travel time spent in this place.
 C = Inter-level travel time spent in this place.
 D = Time resting spent in this place.
 E = Time spent auto-exploring this place.
 F = Levels seen in this place.
 G = Mean time per level.
                   A        B        C        D        E       F      G
               +--------+--------+--------+--------+--------+-----+--------+
         Total |    244 |    244 |      0 |      0 |    174 |   1 |  244.0 |
       Dungeon |    244 |    244 |      0 |      0 |    174 |   1 |  244.0 |
               +--------+--------+--------+--------+--------+-----+--------+

Top non-repeatable levels by time:
     D:1: 244 daAuts

Table legend:
 A = Kills in this place as a percentage of kills in the entire game.
 B = Kills by you in this place as a percentage of kills by you in the entire game.
 C = Kills by friends in this place as a percentage of kills by friends in the entire game.
 D = Other kills in this place as a percentage of other kills in the entire game.
 E = Experience gained in this place as a percentage of experience gained in the entire game.
 F = Experience gained in this place divided by the number of levels of this place that you have seen.
                   A       B       C       D       E      F
               +-------+-------+-------+-------+-------+----------------------
         Total | 100.0 | 100.0 |   N/A |   N/A | 100.0 |  13.0
       Dungeon | 100.0 | 100.0 |   N/A |   N/A | 100.0 |  13.0
               +-------+-------+-------+-------+-------+----------------------
